 Dungeon Crawl Stone Soup version 0.22-a0-113-gdd6f4a9394 (webtiles) character file.

790 Drachen the Sneak (level 7, -8/53 HPs)
             Began as a Gnoll Wanderer on Jan 28, 2018.
             Mangled by an ogre
             ... wielding a cursed +0 giant club
              (23 damage)
             ... on level 4 of the Dungeon.
             The game lasted 00:22:08 (5239 turns).

Drachen the Sneak (Gnoll Wanderer)                  Turns: 5239, Time: 00:22:09

Health: -8/53      AC:  7    Str: 15    XL:     7   Next: 87%
Magic:  15/15      EV: 12    Int: 19    God:
Gold:   189        SH:  0    Dex: 16    Spells: 16/17 levels left

rFire    + . .     SeeInvis .   p - +1 dagger (drain)
rCold    + . .     Gourm    .   (no shield)
rNeg     . . .     Faith    .   y - +0 ring mail
rPois    .         Spirit   .   k - +1 helmet
rElec    .         Reflect  .   s - scarf {rC+ rF+}
rCorr    .         Harm     .   (no gloves)
MR       +....                  (no boots)
Stlth    ++........             (no amulet)
HPRegen  0.17/turn              h - ring of stealth
MPRegen  0.14/turn              A - ring of protection from magic

@: confused, brilliant
A: distributed training, fangs 1, strong nose
a: no special abilities


You were on level 4 of the Dungeon.
You were not hungry.

You visited 1 branch of the dungeon, and saw 5 of its levels.

You collected 189 gold pieces.

Inventory:

Hand Weapons
 e - a +0 dagger
 p - a +1 dagger of draining (weapon)
 x - a +0 flail
 B - a +0 trident
Missiles
 r - 9 javelins of penetration (quivered)
Armour
 d - a +0 robe
 j - a +0 cloak
 k - a +1 helmet (worn)
 o - a +0 chain mail
 q - a +0 leather armour
 s - a scarf of resistance (worn)
 y - a +0 ring mail (worn)
 D - a +1 cloak
Magical Staves
 w - an uncursed staff of earth
Jewellery
 h - a ring of stealth (left hand)
 A - a ring of protection from magic (right hand)
Wands
 v - a wand of disintegration (3)
Scrolls
 c - 4 scrolls of teleportation {unknown}
 g - 5 scrolls of remove curse {unknown}
 i - a scroll of immolation {unknown}
 m - a scroll of blinking {unknown}
 n - 7 scrolls of identify {unknown}
 t - a scroll of fog {unknown}
 G - a scroll of enchant armour {unknown}
Potions
 u - a potion of brilliance
 C - a potion of lignification
 E - a potion of flight
Books
 a - a book of Minor Magic

   Spells                             Type                      Level
   a - Magic Dart                     Conjuration                  1
   b - Blink                          Translocation                2
   c - Call Imp                       Summoning                    2
   d - Slow                           Hexes                        2
   e - Conjure Flame                  Conjuration/Fire             3
   f - Mephitic Cloud                 Conjuration/Poison/Air       3
Comestibles
 f - 8 rations


   Skills:
 + Level 3.8 Fighting
 + Level 2.7 Short Blades
 + Level 2.7 Long Blades
 + Level 2.7 Axes
 + Level 2.7 Maces & Flails
 + Level 2.7 Polearms
 + Level 2.7 Staves
 + Level 2.7 Slings
 + Level 2.7 Bows
 + Level 2.7 Crossbows
 + Level 2.7 Throwing
 + Level 2.7 Armour
 + Level 2.7 Dodging
 + Level 6.6 Stealth
 + Level 2.7 Shields
 + Level 5.3 Unarmed Combat
 + Level 5.7 Spellcasting
 + Level 2.2 Conjurations
 + Level 2.2 Hexes
 + Level 2.2 Charms
 + Level 2.2 Summonings
 + Level 2.2 Necromancy
 + Level 2.2 Translocations
 + Level 3.1 Transmutations
 + Level 2.2 Fire Magic
 + Level 2.2 Ice Magic
 + Level 2.2 Air Magic
 + Level 2.2 Earth Magic
 + Level 2.2 Poison Magic
 + Level 3.0 Invocations
 + Level 3.8 Evocations


You had 16 spell levels left.
You knew the following spells:

 Your Spells              Type           Power        Failure   Level  Hunger
a - Magic Dart            Conj           ####         1%          1    None


Dungeon Overview and Level Annotations

Branches:
Dungeon (5/15)
 Temple: D:4-7

Altars:
Hepliaklqana
Kikubaaqudgha
Trog

Shops:
D:5 (

Annotations:
D:4 Yosebu's ghost, amateur HOMo


Innate Abilities, Weirdness & Mutations

Your experience applies equally to all skills.
You have very sharp teeth.
Your uncanny sense of smell can sniff out nearby items.


Message History

Aiming: Disintegrate
Press: ? - help, Shift-Dir - straight line, f/p - ogre
Aim: an ogre, wielding a giant club (heavily wounded, chance to defeat MR: 80%)
The ogre barely resists.
The ogre hits you with a giant club!!
* * * LOW HITPOINT WARNING * * *
You feel better.
It was a potion of brilliance.
You feel clever all of a sudden. The ogre barely misses you.
It was a potion of heal wounds.
You feel much better. The ogre hits you with a giant club!
It was a potion of ambrosia.
You are confused.
You feel invigorated. The ogre completely misses you.
The ogre hits you with a giant club!
* * * LOW HITPOINT WARNING * * *
You bump into the rock wall.
Okay, then.
You bump into the rock wall.
The ogre hits you with a giant club!!
You die...

#.....#..# ##.### #
##########.###.#..#
#...# #
#.................#
###.# #
#.#######.#####...#
#####.#### #.# #.#
#...#####......... #.#
#.# #..........##.####
#.# #.#
#.#.#####..##.#... #.#
#.#####O#......<..#.....
#.#
#.....>@#.#####.........
#.#
#.............#...#.....
#.#
#########.##............
#.# #.....#####..... #.#
#.##...........# #.#
#.###.##########
#.########## #.# #.#
#..........######.###.#
##########.#..........#


You could see an ogre.

Vanquished Creatures
  The ghost of Yosebu the Cudgeler, an amateur HOMo of Beogh (D:5)
  Grinder (D:4)
  An ogre (D:4)
  A scorpion (D:4)
  2 orc wizards (D:5)
  Ijyb (D:3)
  A worker ant (D:4)
  A gnoll (D:1)
  5 adders
  4 worms
  A dart slug (D:2)
  3 leopard geckos
  10 orcs
  6 giant cockroaches
  9 goblins
  6 hobgoblins
  2 jackals (D:1)
  5 kobolds
  5 quokkas
  5 bats
  6 frilled lizards
  5 rats
81 creatures vanquished.

Notes
Turn   | Place    | Note
-------+----------+-------------------------------------------
     0 | D:1      | Drachen the Gnoll Wanderer began the quest for the Orb.
     0 | D:1      | Drachen set off with: a book of Minor Magic, a potion of curing, a potion of lignification, a +0 robe, a +0 dagger, a ration
     0 | D:1      | Reached XP level 1. HP: 17/17 MP: 6/6
     4 | D:1      | Learned a level 1 spell: Magic Dart
    79 | D:1      | Reached XP level 2. HP: 5/23 MP: 7/7
   568 | D:1      | Reached XP level 3. HP: 23/28 MP: 9/9
   885 | D:1      | Reached skill level 5 in Spellcasting
  1137 | D:2      | Reached skill level 6 in Stealth
  1956 | D:1      | Reached skill level 1 in Invocations
  2172 | D:2      | Reached skill level 1 in Short Blades
  2172 | D:2      | Reached skill level 1 in Long Blades
  2172 | D:2      | Reached skill level 1 in Axes
  2172 | D:2      | Reached skill level 1 in Maces & Flails
  2172 | D:2      | Reached skill level 1 in Polearms
  2172 | D:2      | Reached skill level 1 in Staves
  2172 | D:2      | Reached skill level 1 in Slings
  2172 | D:2      | Reached skill level 1 in Bows
  2172 | D:2      | Reached skill level 1 in Crossbows
  2172 | D:2      | Reached skill level 1 in Throwing
  2172 | D:2      | Reached skill level 1 in Armour
  2172 | D:2      | Reached skill level 1 in Dodging
  2172 | D:2      | Reached skill level 1 in Shields
  2172 | D:2      | Reached XP level 4. HP: 34/34 MP: 11/11
  2335 | D:3      | Noticed Ijyb
  2541 | D:3      | Found an ancient bone altar of Kikubaaqudgha.
  2706 | D:3      | Killed Ijyb
  2706 | D:3      | Reached skill level 1 in Conjurations
  2706 | D:3      | Reached skill level 1 in Hexes
  2706 | D:3      | Reached skill level 1 in Charms
  2706 | D:3      | Reached skill level 1 in Summonings
  2706 | D:3      | Reached skill level 1 in Necromancy
  2706 | D:3      | Reached skill level 1 in Translocations
  2706 | D:3      | Reached skill level 1 in Fire Magic
  2706 | D:3      | Reached skill level 1 in Ice Magic
  2706 | D:3      | Reached skill level 1 in Air Magic
  2706 | D:3      | Reached skill level 1 in Earth Magic
  2706 | D:3      | Reached skill level 1 in Poison Magic
  2712 | D:3      | Reached XP level 5. HP: 29/40 MP: 12/12
  3428 | D:4      | Noticed an ogre
  3650 | D:4      | Noticed Yosebu's ghost (amateur HOMo)
  3815 | D:4      | Reached XP level 6. HP: 37/47 MP: 13/13
  3902 | D:4      | Noticed Grinder
  3910 | D:4      | Paralysed by Grinder for 3 turns
  3916 | D:4      | Paralysed by Grinder for 6 turns
  3929 | D:4      | Killed Grinder
  3929 | D:4      | Reached skill level 5 in Unarmed Combat
  4252 | D:4      | Reached XP level 7. HP: 9/52 MP: 15/15
  4755 | D:5      | Entered Level 5 of the Dungeon
  4774 | D:5      | Found a hazy altar of Hepliaklqana.
  4812 | D:5      | Noticed Yosebu's ghost (amateur HOMo)
  4848 | D:5      | Found Hoekh's Weapon Shoppe.
  4851 | D:5      | Noticed a moth of wrath
  4854 | D:5      | Found a bloodstained altar of Trog.
  4893 | D:5      | Killed Yosebu's ghost
  5239 | D:4      | Mangled by an ogre

Vault maps used:
D:1:      lemuel_arrival_lava_pool
D:2:      hangedman_decor_riveting
D:3:      nicolae_overflow_hidden_temple, first_ration, lemuel_tele_altar,
          uniq_ijyb
D:4:      kennysheep_generic_room_8, uniq_grinder
D:5:      overflow_temple_1_default, grunt_temple_overflow_diamond,
          serial_shops, shop, st_stairs_4, minmay_liquid_box, tgw_trog,
          uniq_sigmund

Skill      XL: |  1  2  3  4  5  6  7 |
---------------+----------------------+-----
Transmutations | 2 3 |  3.1
Spellcasting   | 5 |  5.7
Stealth        | 6 |  6.6
Invocations    | 1 2 3 |  3.0
Short Blades   | 1 2 |  2.7
Long Blades    | 1 2 |  2.7
Axes           | 1 2 |  2.7
Maces & Flails | 1 2 |  2.7
Polearms       | 1 2 |  2.7
Staves         | 1 2 |  2.7
Slings         | 1 2 |  2.7
Bows           | 1 2 |  2.7
Crossbows      | 1 2 |  2.7
Throwing       | 1 2 |  2.7
Armour         | 1 2 |  2.7
Dodging        | 1 2 |  2.7
Shields        | 1 2 |  2.7
Conjurations   | 1 2 |  2.2
Hexes          | 1 2 |  2.2
Charms         | 1 2 |  2.2
Summonings     | 1 2 |  2.2
Necromancy     | 1 2 |  2.2
Translocations | 1 2 |  2.2
Fire Magic     | 1 2 |  2.2
Ice Magic      | 1 2 |  2.2
Air Magic      | 1 2 |  2.2
Earth Magic    | 1 2 |  2.2
Poison Magic   | 1 2 |  2.2
Fighting       | 3 |  3.8
Evocations     | 3 |  3.8
Unarmed Combat | 5 |  5.3

Action                   |  1- 3 |  4- 6 |  7- 9 || total
-------------------------+-------+-------+-------++-------
Melee: Dagger            |   219 |   147 |    47 ||   413
       Bite              |    38 |    13 |     9 ||    60
       Punch             |     4 |     5 |     2 ||    11
Throw: Javelin           |       |     2 |       ||     2
 Cast: Magic Dart        |    10 |       |       ||    10
Evoke: Wand              |       |       |     9 ||     9
  Use: Potion            |     1 |     4 |     4 ||     9
 Stab: Sleeping          |    14 |    10 |     3 ||    27
  Eat: Chunk             |     4 |     6 |     4 ||    14
Armor: Skin              |    16 |       |       ||    16
       Robe              |     7 |       |       ||     7
       Chain mail        |    87 |       |       ||    87
       Leather armour    |     1 |    22 |       ||    23
       Ring mail         |       |    31 |    11 ||    42
Dodge: Dodged            |    71 |    60 |    25 ||   156

Table legend:
 A = Spawn XP
 B = Non-spawn XP
 C = Spawn XP percentage of total XP
 D = Spawn monster count
 E = Non-spawn monster count
 F = Spawn count percentage of total count
 G = Total turns spent on level
                    A         B        C        D         E        F      G
               +---------+---------+-------+---------+---------+-------+---------
         Total |       0 |    1129 |   0.0 |       0 |      81 |   0.0 |  5239
               +---------+---------+-------+---------+---------+-------+---------
           D:1 |       0 |      47 |   0.0 |       0 |      21 |   0.0 |  1597
           D:2 |       0 |      39 |   0.0 |       0 |      14 |   0.0 |   725
           D:3 |       0 |     116 |   0.0 |       0 |      25 |   0.0 |  1143
           D:4 |       0 |     518 |   0.0 |       0 |       9 |   0.0 |  1397
           D:5 |       0 |     409 |   0.0 |       0 |      12 |   0.0 |   377
               +---------+---------+-------+---------+---------+-------+---------
